 Dungeon Crawl Stone Soup version 0.20.1-1-g8b1a95d (webtiles) character file.

14232 RicketyTrickster the Slicer (level 12, -9/78 HPs)
             Began as a Kobold Berserker on July 17, 2017.
             Was a High Priest of Trog.
             Shot with an arrow by a centaur (15 damage)
             ... on level 12 of the Dungeon.
             The game lasted 00:51:32 (14379 turns).

RicketyTrickster the Slicer (Kobold Berserker)     Turns: 14379, Time: 00:51:32

Health: -9/78      AC:  6    Str: 18    XL:     12   Next: 42%
Magic:  12/12      EV: 27    Int:  8    God:    Trog [*****.]
Gold:   451        SH:  0    Dex: 14    Spells: 11/11 levels left

rFire    . . .     SeeInvis .   x - +6 quick blade (venom)
rCold    + . .     Gourm    +   (shield restricted)
rNeg     . . .     Faith    .   k - +0 leather armour "Girix" {rC+ Slay+5} (curse)
rPois    .         Spirit   .   (helmet restricted)
rElec    .         Reflect  .   h - +0 cloak
rCorr    .         Harm     .   y - +0 pair of gloves
MR       .....                  (no boots)
Stlth    +++++.....             e - amulet of the gourmand
Regen    0.3/turn               E - ring of stealth
MPRegen  0.2/turn               q - +5 ring of evasion

@: very slightly contaminated
A: horns 1, carnivore 3, dopey 1
a: Berserk, Trog's Hand, Brothers in Arms, Burn Spellbooks, Renounce Religion


You were on level 12 of the Dungeon.
You worshipped Trog.
Trog was extremely pleased with you.
You were very full.

You visited 2 branches of the dungeon, and saw 13 of its levels.

You collected 502 gold pieces.
You spent 51 gold pieces at shops.

Inventory:

Hand Weapons
 s - a +3 antimagic short sword
 x - a +6 quick blade of venom (weapon)
Armour
 h - a +0 cloak (worn)
 k - the cursed +0 leather armour "Girix" (worn) {rC+ Slay+5}
   (You found it on level 11 of the Dungeon)

   It affects your accuracy and damage with ranged weapons and melee attacks
   (+5).
   It protects you from cold.
   It has a curse placed upon it.
 y - a +0 pair of gloves (worn)
Jewellery
 e - an amulet of the gourmand (around neck)
 q - a +5 ring of evasion (right hand)
 z - an uncursed ring of resist corrosion
 E - a ring of stealth (left hand)
 G - an uncursed amulet of magic regeneration {unknown}
Wands
 n - a wand of lightning (7/15)
 p - a wand of flame (27/48)
 u - a wand of lightning (15/15)
 A - a wand of paralysis (10/24)
Scrolls
 a - a scroll of enchant armour
 d - 2 scrolls of identify
 j - 6 scrolls of magic mapping
 m - 4 scrolls of remove curse
 o - a scroll of recharging
 v - 2 scrolls of blinking
 B - a scroll of silence
 D - a scroll of amnesia
 J - a scroll of holy word {unknown}
Potions
 b - 3 potions of cancellation
 l - 2 potions of agility
 r - a potion of might
 t - 2 potions of berserk rage
 w - a potion of mutation
 C - a potion of invisibility
 F - a potion of brilliance
 H - a potion of magic {unknown}
 M - a potion of flight {unknown}
Books
 I - a book of Air

   Spells                             Type                      Level
   a - Shock                          Conjuration/Air              1
   b - Swiftness                      Charms/Air                   2
   c - Static Discharge               Conjuration/Air              3
   d - Airstrike                      Air                          4
   e - Lightning Bolt                 Conjuration/Air              5
   Trog disapproves of the use of such an item.
Comestibles
 c - 4 meat rations
 f - 9 bread rations
 g - 7 fruits
 i - 10 royal jellies
 K - 4 chunks of flesh


   Skills:
 * Level 10.4 Fighting
 * Level 12.0 Short Blades
 * Level 8.0 Armour
 * Level 11.4 Dodging
 + Level 9.0 Stealth


You had 11 spell levels left.
You didn't know any spells.

Dungeon Overview and Level Annotations

Branches:
Dungeon (12/15)            Temple (1/1) D:4            Lair (0/6) D:8
    Orc (0/2) D:10

Altars:
Ashenzari
Cheibriados
Dithmenos
Elyvilon
Fedhas
Gozag
Hepliaklqana
Kikubaaqudgha
Makhleb
Nemelex Xobeh
Okawaru
Qazlal
Ru
Sif Muna
Trog
Uskayaw
Vehumet
Xom
Yredelemnul
Zin
The Shining One
Lugonu

Shops:
D:11 !


Innate Abilities, Weirdness & Mutations

You are small and have problems with some larger weapons.
You are carnivorous and can eat meat at any time.
You have a pair of small horns on your head.
You are dopey. (Int -2)


Message History

You feel sick.
Something stings the human.
Something closely misses the human.
The human completely misses something.
You feel yourself speed up.
You feel sick.
You feel better.
Found a scratched copper ring.
Found 17 gold pieces.
A centaur comes into view.
The centaur shouts!
The centaur wields a shortbow.
The centaur shoots an arrow.
The arrow hits you!
* * * LOW HITPOINT WARNING * * *
You see here an arrow.
The centaur shoots an arrow.
The arrow completely misses you.
The centaur shoots an arrow.
The arrow completely misses you.
You recover from your berserk rage.
The centaur shoots an arrow.
The arrow hits you.
* * * LOW HITPOINT WARNING * * *
You see here an arrow.
The centaur shoots an arrow.
The arrow hits you!
You die...

. .## ..##
##.. .# #...
.#
###..###c####
#...$.......#
#@.......#
#(.......#
#........#
#.(......#
###((...##
#.....# #
###...# ##.
#...######
#..
#.........


You could see a centaur.

Vanquished Creatures
  Kirke (D:12)
  2 two-headed ogres
  A death yak (D:10)
  The ghost of Cral the Archer, a novice BaAM of Hepliaklqana (D:7)
  Pikel (D:5)
  The ghost of Goboxel the Slasher, a novice DsGl (D:6)
  2 polar bears (D:10)
  A troll (D:9)
  A hornet (D:6)
  6 hogs
  A wraith (D:10)
  2 wyverns (D:8)
  6 yaks
  A human (D:9)
  A hungry ghost (D:11)
  Grum (D:8)
  Duvessa (D:7)
  A sky beast (D:10)
  5 orc warriors
  A hornet zombie (D:6)
  2 ice beasts
  2 black bears
  A necrophage (D:10)
  5 ogres
  6 wolves
  A phantom (D:4)
  A centaur (D:7)
  A big kobold (D:9)
  6 bullfrogs
  Blork the orc (D:4)
  Dowan (D:7)
  A water moccasin skeleton (D:11)
  2 scorpions
  4 killer bees (D:7)
  5 wights (D:10)
  A howler monkey (D:11)
  An electric eel (D:10)
  7 crimson imps
  2 bullfrog zombies
  6 hounds
  A quasit (D:5)
  3 centaur zombies
  7 orc priests
  A wyvern simulacrum (D:10)
  Ijyb (D:4)
  A gnoll shaman (D:4)
  3 jellies
  Crazy Yiuf (D:2)
  2 bullfrog skeletons
  6 iguanas
  11 orc wizards
  10 worker ants
  A bullfrog simulacrum (D:10)
  A centaur simulacrum (D:10)
  A hound zombie (D:11)
  A hound skeleton (D:4)
  2 worker ant zombies
  7 gnolls
  15 adders
  A shadow imp (D:9)
  7 white imps
  A howler monkey simulacrum (D:10)
  2 worker ant simulacra (D:10)
  2 ufetubi (D:10)
  8 worms
  3 dart slugs
  7 leopard geckos
  51 orcs
  7 giant cockroaches
  10 goblins
  8 hobgoblins
  19 jackals
  7 kobolds
  7 quokkas
  2 ball pythons (D:3)
  8 bats
  4 frilled lizards
  A jackal skeleton (D:4)
  8 rats
331 creatures vanquished.

Vanquished Creatures (others)
  An orange demon (D:12)
  3 humans (D:12)
  A scorpion (D:5)
  A gnoll (D:5)
  A bat (D:2)
  A quokka (D:5)
8 creatures vanquished.

Grand Total: 339 creatures vanquished

Notes
Turn   | Place    | Note
-------+----------+-------------------------------------------
     0 | D:1      | RicketyTrickster the Kobold Berserker began the quest for the Orb.
     0 | D:1      | Reached XP level 1. HP: 14/14 MP: 1/1
   340 | D:1      | Reached XP level 2. HP: 19/19 MP: 2/2
  1168 | D:2      | Found a runed door.
  1216 | D:2      | Reached XP level 3. HP: 8/23 MP: 3/3
  1462 | D:2      | Reached skill level 1 in Stealth
  1692 | D:2      | Found a white marble altar of Elyvilon.
  1752 | D:2      | Reached XP level 4. HP: 16/29 MP: 4/4
  1957 | D:2      | Reached ** piety under Trog
  2290 | D:2      | Found a sparkling altar of Nemelex Xobeh.
  2290 | D:2      | Found an opulent altar of Gozag.
  2578 | D:2      | Reached XP level 5. HP: 31/33 MP: 5/5
  2704 | D:2      | Noticed Crazy Yiuf
  2709 | D:2      | Killed Crazy Yiuf
  2820 | D:3      | Reached skill level 5 in Short Blades
  3272 | D:3      | Found a shattered altar of Ashenzari.
  3273 | D:3      | Found a bloodstained altar of Trog.
  3273 | D:3      | Found a glowing golden altar of the Shining One.
  3275 | D:3      | Found a stormy altar of Qazlal.
  3758 | D:3      | Found a shimmering altar of Xom.
  3810 | D:3      | Reached XP level 6. HP: 27/39 MP: 6/6
  4336 | D:3      | Reached *** piety under Trog
  4627 | D:4      | Reached XP level 7. HP: 38/44 MP: 7/7
  4639 | D:4      | Found a radiant altar of Vehumet.
  4652 | D:4      | Found a deep blue altar of Sif Muna.
  4652 | D:4      | Found an ancient bone altar of Kikubaaqudgha.
  4663 | D:4      | Reached skill level 6 in Short Blades
  4663 | D:4      | Reached skill level 5 in Dodging
  4933 | D:4      | Identified Vehumet's Compendium of Attacks
  5044 | D:4      | Noticed Ijyb
  5073 | D:4      | Killed Ijyb
  5073 | D:4      | Reached skill level 5 in Fighting
  5357 | D:4      | Reached XP level 8. HP: 22/49 MP: 8/8
  5538 | D:4      | Noticed Blork the orc
  5559 | D:4      | Killed Blork the orc
  5616 | D:4      | Found a staircase to the Ecumenical Temple.
  5625 | Temple   | Entered the Ecumenical Temple
  5807 | D:5      | Entered Level 5 of the Dungeon
  5886 | D:5      | Found a burning altar of Makhleb.
  5888 | D:5      | Found a glowing silver altar of Zin.
  5888 | D:5      | Noticed a blizzard demon
  5888 | D:5      | Noticed an angel
  6032 | D:5      | Reached **** piety under Trog
  6491 | D:5      | Noticed Pikel
  6513 | D:5      | Killed Pikel
  6513 | D:5      | Reached skill level 7 in Short Blades
  6513 | D:5      | Reached XP level 9. HP: 56/56 MP: 9/9
  6856 | D:6      | Noticed Goboxel's ghost (novice DsGl)
  7055 | D:6      | Killed Goboxel's ghost
  7055 | D:6      | Reached skill level 8 in Short Blades
  7055 | D:6      | Reached skill level 5 in Stealth
  7472 | D:6      | Reached skill level 5 in Armour
  7786 | D:6      | Noticed a hornet
  7805 | D:6      | Killed a hornet
  7870 | D:6      | Found a sacrificial altar of Ru.
  8105 | D:7      | Reached XP level 10. HP: 63/63 MP: 10/10
  8250 | D:7      | Noticed Cral's ghost (novice BaAM)
  8591 | D:7      | Killed Cral's ghost
  8591 | D:7      | Reached skill level 9 in Short Blades
  8678 | D:7      | Noticed Dowan
  8679 | D:7      | Noticed Duvessa
  8702 | D:7      | Killed Duvessa
  8770 | D:7      | Killed Dowan
  9131 | D:7      | Reached ***** piety under Trog
  9207 | D:8      | Noticed Grum
  9246 | D:8      | Killed Grum
  9727 | D:8      | Found a corrupted altar of Lugonu.
  9798 | D:8      | Found a transporter.
  9810 | D:8      | Received a gift from Trog
  9823 | D:8      | Noticed a white ugly thing
  9825 | D:8      | Noticed a red ugly thing
  9825 | D:8      | Found a transporter.
  9827 | D:8      | Noticed a brown ugly thing
  9870 | D:8      | Found a staircase to the Lair.
 10626 | D:9      | Reached skill level 10 in Short Blades
 10757 | D:9      | Reached XP level 11. HP: 48/69 MP: 3/11
 11506 | D:10     | Entered Level 10 of the Dungeon
 11622 | D:10     | Noticed a two-headed ogre
 11644 | D:10     | Reached skill level 10 in Dodging
 11767 | D:10     | Received a gift from Trog
 11930 | D:10     | Noticed a death yak
 12005 | D:10     | Killed a death yak
 12005 | D:10     | Reached skill level 11 in Short Blades
 12034 | D:10     | Found a staircase to the Orcish Mines.
 12104 | D:10     | Killed a two-headed ogre
 13423 | D:11     | Got an ancient leather armour
 13447 | D:11     | Received a gift from Trog
 13457 | D:11     | Identified the cursed +0 leather armour "Girix" {rC+ Slay+5} (You found it on level 11 of the Dungeon)
 13476 | D:11     | Gained mutation: You are dopey. (Int -2) [potion of mutation]
 13476 | D:11     | Gained mutation: You have a pair of small horns on your head. [potion of mutation]
 13570 | D:11     | Noticed a two-headed ogre
 13585 | D:11     | Killed a two-headed ogre
 13585 | D:11     | Reached skill level 10 in Fighting
 13585 | D:11     | Reached XP level 12. HP: 76/76 MP: 12/12
 14227 | D:11     | Found Bomuluob's Distillery.
 14235 | D:11     | Bought a potion of curing for 51 gold pieces
 14313 | D:12     | Noticed Kirke
 14341 | D:12     | Killed Kirke
 14341 | D:12     | Reached skill level 12 in Short Blades
 14379 | D:12     | Shot with an arrow by a centaur

Skill      XL: |  1  2  3  4  5  6  7  8  9 10 11 12 |
---------------+-------------------------------------+-----
Stealth        | 1 2 3 4 5 7 8 9 |  9.0
Armour         | 2 3 4 5 6 7 8 |  8.0
Dodging        | 3 4 5 6 8 9 10 11 | 11.4
Fighting       | 4 5 6 7 8 10 | 10.4
Short Blades   | 5 6 7 8 10 11 12 | 12.0

Action                   |  1- 3 |  4- 6 |  7- 9 | 10-12 || total
-------------------------+-------+-------+-------+-------++-------
Melee: Short sword       |   103 |   302 |   797 |   271 ||  1473
       Quick blade       |       |       |       |   705 ||   705
       Headbutt          |       |       |       |    26 ||    26
Invok: Berserk           |       |     3 |    11 |    13 ||    27
       Burn Spellbooks   |       |       |       |     1 ||     1
       Trog's Hand       |       |       |       |     1 ||     1
  Use: Potion            |     3 |       |     6 |     8 ||    17
       Scroll            |       |     3 |     4 |    16 ||    23
 Stab: Sleeping          |     2 |     6 |     4 |    10 ||    22
  Eat: Chunk             |    11 |    12 |    22 |    35 ||    80
Armor: Animal skin       |     1 |       |       |       ||     1
       Leather armour    |    15 |    77 |    14 |     8 ||   114
       Ring mail         |       |       |   107 |   113 ||   220
       Skin              |       |       |    38 |       ||    38
Dodge: Dodged            |    91 |   283 |   593 |   732 ||  1699
